 Dungeon Crawl Stone Soup version 0.32-a0-871-ge202e49faa (webtiles) character file.

Game seed: 17147674802776561248

1848648 greenreed the Conqueror (level 25, 205/205 HPs)
             Began as a Minotaur Fighter on Mar 29, 2024.
             Was an Elder of Nemelex Xobeh.
             Escaped with the Orb
             ... and 3 runes!
             The game lasted 02:51:42 (55739 turns).

greenreed the Conqueror (Minotaur Fighter)         Turns: 55739, Time: 02:51:43

Health: 205/205    AC: 46    Str: 40      XL:     25   Next: 89%
Magic:  36/36      EV: 13    Int:  4      God:    Nemelex Xobeh [****..]
Gold:   622        SH: 24    Dex: 15 (17) Spells: 24/24 levels left

rFire   + + +        o - +9 eveningstar (flame)
rCold   + + +        e - +0 tower shield "Hero's Friend" {Rampage rCorr Str+2 Int-3}
rNeg    . . .        p - +12 gold dragon scales
rPois   +            (helmet restricted)
rElec   .            q - scarf of Aginkuq {repulsion, Dex+6}
rCorr   +            j - +1 pair of gloves of Negligence {rPois rC+ Regen+ Slay-2}
SInv    +            r - +3 pair of mountain boots {steadfast, rC+}
Will    +++++        u - amulet "Xovetera" {Faith rPois rC+ Int+2} Stlth
                     F - ring of Descent {Will+++ Str+6 Slay+5 Stlth-}
HPRegen 1.34/turn    k - ring of the Hippogriff {rF++ Will+ SInv}
MPRegen 0.25/turn

%: repel missiles, rampage, faith
@: no status effects
A: horns 2, retaliatory headbutt, frail 2, mutation resistance 1, subdued magic
1, inability to read after injury 1
0: Orb of Zot
}: 3/15 runes: serpentine, barnacled, silver
a: Renounce Religion, Draw Escape, Draw Destruction, Draw Summoning, Triple
Draw, Deal Four


You escaped.
You worshipped Nemelex Xobeh.
Nemelex Xobeh was greatly pleased with you.
You visited 10 branches of the dungeon, and saw 46 of its levels.
You visited the Abyss 1 time.
You also visited: Trove and Ice Cave.

You collected 6713 gold pieces.
You spent 6091 gold pieces at shops.

Inventory:

Hand Weapons
 o - a +9 eveningstar of flaming (weapon)
 S - a +5 demon whip of distortion
Missiles
 A - 11 throwing nets (quivered)
Armour
 e - the +0 tower shield "Hero's Friend" (worn) {Rampage rCorr Str+2 Int-3}
   (You took it off a daeva on level 3 of the Abyss)

   Str+2:     It affects your strength (+2).
   Int-3:     It affects your intelligence (-3).
   rCorr:     It protects you from acid and corrosion.
   Rampage:   It bestows one free step when moving towards enemies.
 j - the +1 pair of gloves of Negligence (worn) {rPois rC+ Regen+ Slay-2}
   (You bought it in a shop on level 6 of the Dungeon)

   Slay-2:    It affects your accuracy & damage with ranged weapons and melee
   (-2).
   rC+:       It protects you from cold.
   rPois:     It protects you from poison.
   Regen+:    It increases your rate of health regeneration.
 p - +12 gold dragon scales (worn)
 q - the scarf of Aginkuq (worn) {repulsion, Dex+6}
   (You found it on level 2 of the Dungeon)

   Dex+6:     It affects your dexterity (+6).
 r - the +3 pair of mountain boots (worn) {steadfast, rC+}
   (You found it in a treasure trove)

   Steadfast: It prevents involuntary movement, except for blinking,
   teleportation, or banishment.
   rC+:       It protects you from cold.
 D - the +0 pair of boots of the Gloaming {rElec rC+++ Will- Dex+3}
   (You found it on level 4 of the Vaults)

   Dex+3:     It affects your dexterity (+3).
   rC+++:     It renders you almost immune to cold.
   rElec:     It insulates you from electricity.
   Will-:     It decreases your willpower.
Jewellery
 k - the ring of the Hippogriff (right hand) {rF++ Will+ SInv}
   (You bought it in a shop on level 3 of the Depths)

   [ring of see invisible]

   rF++:      It greatly protects you from fire.
   Will+:     It increases your willpower.
   SInv:      It lets you see invisible.
 t - the ring of Lodghu Kayga {rF+ Will+ Slay+4}
   (You found it in a treasure trove)

   [ring of slaying]

   Slay+4:    It affects your accuracy & damage with ranged weapons and melee
   (+4).
   rF+:       It protects you from fire.
   Will+:     It increases your willpower.
 u - the amulet "Xovetera" (around neck) {Faith rPois rC+ Int+2}
   (You found it in an ice cave)

   [amulet of faith]

   Faith:     It allows you to gain divine favour quickly.
   Int+2:     It affects your intelligence (+2).
   rC+:       It protects you from cold.
   rPois:     It protects you from poison.
 F - the ring of Descent (left hand) {Will+++ Str+6 Slay+5 Stlth-}
   (You found it on level 3 of the Shoals)

   [ring of strength]

   Str+6:     It affects your strength (+6).
   Slay+5:    It affects your accuracy & damage with ranged weapons and melee
   (+5).
   Will+++:   It greatly increases your willpower.
   Stlth-:    It makes you less stealthy.
 H - a ring of flight
 I - the ring "Zafisit" {rN+ Will++}
   (You found it in a treasure trove)

   [ring of positive energy]

   rN+:       It protects you from negative energy.
   Will++:    It greatly increases your willpower.
Wands
 v - a wand of flame (101)
 x - a wand of charming (61)
 C - a wand of mindburst (16)
 G - a wand of digging (13)
 M - a wand of roots (37)
 O - a wand of acid (35)
 R - a wand of polymorph (31)
Scrolls
 a - a scroll of butterflies
 f - 8 scrolls of poison
 i - 19 scrolls of teleportation
 l - 9 scrolls of vulnerability
 n - 2 scrolls of enchant weapon
 s - 10 scrolls of fear
 y - 11 scrolls of immolation
 B - 4 scrolls of torment
 T - 2 scrolls of blinking
 V - 4 scrolls of fog
 W - 3 scrolls of silence
 Y - 6 scrolls of revelation
Potions
 b - 3 potions of ambrosia
 d - 8 potions of might
 g - a potion of resistance
 h - 13 potions of curing
 E - a potion of heal wounds
 J - 3 potions of cancellation
 K - 6 potions of haste
 N - 8 potions of enlightenment
 P - 3 potions of brilliance
 X - 4 potions of invisibility
 Z - 4 potions of berserk rage
Miscellaneous
 c - a phantom mirror
 z - a tin of tremorstones (2/2)
 L - a lightning rod (4/4)
 Q - a sack of spiders
 U - a phial of floods


   Skills:
 O Level 27 Fighting
 - Level 16.0 Maces & Flails
 + Level 25.3 Armour
 + Level 13.2 Dodging
 + Level 25.2 Shields
 + Level 21.6 Invocations
 * Level 7.0 Evocations


You had 24 spell levels left.
You didn't know any spells.
Your spell library contained the following spells:

 Spells                   Type           Power      Damage    Failure   Level
 Foxfire                  Conj/Fire      0%         2x1d4     92%         1
 Freeze                   Ice            0%         1d3       92%         1
 Kiss of Death            Conj/Necr      0%         2d5       92%         1
 Necrotise                Necr           0%         1d4       92%         1
 Sandblast                Erth           0%         2d4       92%         1
 Shock                    Conj/Air       0%         1d3       92%         1
 Slow                     Hex            0%         N/A       92%         1
 Call Imp                 Summ           0%         N/A       98%         2
 Cigotuvi's Dreadful Rot  Necr/Alch/Air  0%         N/A       98%         2
 Sublimation of Blood     Necr           0%         N/A       98%         2
 Confusing Touch          Hex            0%         N/A       100%        3
 Dazzling Flash           Conj/Hex       0%         N/A       100%        3
 Frozen Ramparts          Ice            0%         1d1       100%        3
 Fugue of the Fallen      Necr           0%         N/A       100%        3
 Hailstorm                Conj/Ice       0%         3d5       100%        3
 Ozocubu's Armour         Ice            0%         N/A       100%        3
 Passwall                 Erth           0%         N/A       100%        3
 Stone Arrow              Conj/Erth      0%         3d7       100%        3
 Summon Ice Beast         Ice/Summ       0%         N/A       100%        3
 Swiftness                Air            0%         N/A       100%        3
 Tukima's Dance           Hex            0%         N/A       100%        3
 Vampiric Draining        Necr           0%         2d6       100%        3
 Volatile Blastmotes      Fire/Tloc      0%         2d10      100%        3
 Airstrike                Air            0%         2d(0-16)  100%        4
 Animate Armour           Summ/Erth      0%         N/A       100%        4
 Animate Dead             Necr           0%         N/A       100%        4
 Brom's Barrelling Bould  Conj/Erth      0%         2d3       100%        4
 Cause Fear               Hex            0%         N/A       100%        4
 Dimensional Bullseye     Hex/Tloc       0%         N/A       100%        4
 Dispel Undead            Necr           0%         3d6       100%        4
 Ignite Poison            Fire/Alch      0%         N/A       100%        4
 Martyr's Knell           Necr/Summ      0%         N/A       100%        4
 Passage of Golubria      Tloc           0%         N/A       100%        4
 Sticky Flame             Fire/Alch      0%         2d4       100%        4
 Summon Blazeheart Golem  Fire/Summ      0%         N/A       100%        4
 Vhi's Electric Charge    Tloc/Air       0%         N/A       100%        4
 Arcjolt                  Conj/Air       0%         1d10      100%        5
 Borgnjor's Vile Clutch   Necr/Erth      0%         N/A       100%        5
 Curse of Agony           Necr           0%         N/A       100%        5
 Fireball                 Conj/Fire      0%         3d3       100%        5
 Metabolic Englaciation   Hex/Ice        0%         N/A       100%        5
 Silence                  Hex/Air        0%         N/A       100%        5
 Yara's Violent Unravell  Hex/Alch       0%         3d3       100%        5
 Bombard                  Conj/Erth      0%         9d1       100%        6
 Death Channel            Necr           0%         N/A       100%        6
 Dispersal                Tloc           0%         N/A       100%        6
 Gell's Gavotte           Tloc           0%         2d(11-16) 100%        6
 Permafrost Eruption      Ice/Erth       0%         2x4d2     100%        6
 Plasma Beam              Fire/Air       0%         2x1d10    100%        6
 Sculpt Simulacrum        Ice/Alch       0%         N/A       100%        6
 Starburst                Conj/Fire      0%         6d3       100%        6
 Enfeeble                 Hex            0%         N/A       100%        7
 Haunt                    Necr/Summ      0%         N/A       100%        7
 Manifold Assault         Tloc           0%         N/A       100%        7
 Spellforged Servitor     Conj/Summ      0%         N/A       100%        7
 Summon Hydra             Summ           0%         N/A       100%        7
 Disjunction              Tloc           0%         N/A       100%        8
 Ignition                 Fire           0%         3d3       100%        8
 Infestation              Necr           0%         N/A       100%        8
 Lehudib's Crystal Spear  Conj/Erth      0%         10d2      100%        8
 Maxwell's Capacitive Co  Air            0%         ∞         100%        8
 Summon Horrible Things   Summ           0%         N/A       100%        8


Dungeon Overview and Level Annotations

Branches:
Dungeon (15/15)            Temple (1/1) D:4            Lair (5/5) D:9
 Shoals (4/4) Lair:3        Snake (4/4) Lair:3        Slime (0/5) Lair:5
    Orc (2/2) D:9             Elf (0/3) Orc:2        Vaults (5/5) D:13
  Crypt (0/3) Vaults:3     Depths (4/4) D:15           Hell (visited)
    Dis (0/7) Hell            Geh (0/7) Hell            Coc (0/7) Hell
    Tar (0/7) Hell            Zot (5/5) Depths:4      IceCv (visited)

Altars:
Ashenzari
Cheibriados
Dithmenos
Elyvilon
Fedhas
Gozag
Hepliaklqana
Kikubaaqudgha
Makhleb
Nemelex Xobeh
Okawaru
Qazlal
Ru
Sif Muna
Trog
Uskayaw
Vehumet
Wu Jian
Xom
Yredelemnul
Zin
The Shining One
Lugonu

Shops:
D:6 *   D:13 *   Orc:1 [   Orc:2 ::=?   Shoals:1 [=   Snake:1 :   Snake:3 ?
Snake:4 **   Depths:2 *   Depths:3 *

Portals:
Hell: Depths:1 Depths:2 Depths:3 Depths:4
Abyss: Lair:5 Depths:3 Depths:4
Pandemonium: Depths:2
Ziggurat: Depths:1

Annotations:
Abyss:1 Gastronok


Innate Abilities, Weirdness & Mutations

You have a pair of horns on your head.
You reflexively headbutt those who attack you in melee.
You are very frail. (-20% HP)
You are somewhat resistant to further mutation.
Your spells are a little easier to cast, but a little less powerful.
You occasionally lose the ability to read scrolls when taking damage.


Message History

a +0 robe; a +0 club; a +0 flail
There is a stone staircase leading up here.
You climb upwards.
A Brimstone Fiend comes into view.
There is a stone staircase leading down here.
The Brimstone Fiend barely misses you.
You block the Brimstone Fiend's attack. x2
You impale the Brimstone Fiend!! You headbutt the Brimstone Fiend.
The Brimstone Fiend is heavily wounded.
You bludgeon the Brimstone Fiend!!
The Brimstone Fiend is severely wounded.
You block the Brimstone Fiend's attack.
The Brimstone Fiend hits you but does no damage.
You block the Brimstone Fiend's attack.
You sock the Brimstone Fiend! You headbutt the Brimstone Fiend!
The Brimstone Fiend is almost dead.
The Brimstone Fiend gestures at you.
The sphere of damnation explodes!
The damnation engulfs you!!!
The damnation engulfs the Brimstone Fiend.
The Brimstone Fiend completely resists.
You sock the Brimstone Fiend!
You kill the Brimstone Fiend!
Your Evocations skill increases to level 7!
You see here a +0 dagger.
Aiming: Dig
Press: ? - help, Shift-Dir - straight line A rock wall.
This square is covered in magical glow.
The rock shatters into small pieces.
There is a stone staircase leading up here.
You climb upwards.
There is a stone staircase leading down here.
You see here a +0 dagger.
HP restored.
There is an open door here.
Things that are here:
a rat skeleton; a kobold skeleton
There is an open door here.
There is a staircase leading out of the dungeon here.
You can't go down here!
You have escaped!

†.........#..................#.##
..........#.#............#####.##
..........#................#.#.##
.............##............#.#...
...........#.##............#....#
...........#.##.....#.........#.#
...........#.###.....#........#..
.....#######.#######.#........#..
.............#..@..#.#.....#.....
.............#.....#.......###...
............##.....#.###.#.......
...#############'############....
...##~~~~~~~~~~~.~~~~~~~~~~~#....
...##~P♣PP♣♣♣P♣~.~.♣P♣P♣♣♣.~#....
...##~♣.♣P♣.P♣.~.~♣♣PP♣.♣♣♣~#....
...##~~~~~~~~~~~.~~~~~~~~~~~#..#.
...##~~~~~~~~~.....~~~~~~~~~#..#.


There were no monsters in sight!

Vanquished Creatures
  A dread lich (Vaults:5)
  4 orbs of fire (Zot:5)
  Mara (Vaults:3)
  Mennas (Vaults:3)
  A juggernaut (Zot:2)
  9 Killer Klowns
  A curse toe (Zot:3)
  Geryon (Hell)
  The ghost of Maoritis the Victor of a Thousand Battles, a veteran GnWn of Okawaru (Depths:1)
  2 caustic shrikes (Depths:2)
  The ghost of Zuofef the Metallomancer, a veteran GrEE of Gozag (Depths:1)
  10 golden dragons
  Norris (Vaults:2)
  A hellephant (Depths:3)
  3 electric golems
  4 bone dragons
  A Brimstone Fiend (D:2)
  A lich (Depths:2)
  20 Orb Guardians (Zot:5)
  18 tentacled monstrosities
  6 quicksilver dragons
  The ghost of Lunacym the Warrior, an adept DsWn of Xom (Shoals:3)
  6 sphinxes
  8 death cobs
  3 ancient champions (Depths:3)
  6 titans
  An Executioner (Zot:1)
  2 krakens (Shoals:3)
  9 tengu reavers
  Polyphemus (Shoals:1)
  8 shadow dragons
  Kirke (Snake:1)
  Roxanne (Snake:1)
  9 storm dragons
  A daeva (Abyss:3)
  5 draconian knights
  9 nagarajas (Snake:4)
  Ilsuiw (Shoals:2)
  6 draconian shifters
  9 frost giants
  4 draconian monks
  7 fire giants
  A protean progenitor (Zot:2)
  3 draconian scorchers
  13 vault wardens
  6 iron dragons
  5 ghost moths
  10 very ugly things
  An orc warlord (Vaults:2)
  3 reapers (Hell)
  A draconian stormcaller (Zot:4)
  5 spriggan defenders (Depths:2)
  An angel (Depths:1)
  7 draconian annihilators
  11 ironbound preservers
  A quicksilver ooze (Depths:4)
  3 vampire knights
  3 cacodemons
  9 ironbound thunderhulks
  13 stone giants
  3 formless jellyfish
  11 green draconians
  A lorocyproca (Depths:3)
  A deep elf death mage (Vaults:5)
  A deep elf demonologist (Vaults:5)
  7 purple draconians
  11 black draconians
  7 war gargoyles
  13 white draconians
  8 dire elephants
  7 spark wasps
  8 yellow draconians
  3 iron golems
  A wendigo (Depths:3)
  8 red draconians
  An eidolon (Vaults:1)
  2 blizzard demons
  14 ettins
  A deep elf high priest (Vaults:5)
  7 merfolk javelineers
  A green death (Hell)
  An entropy weaver (Vaults:2)
  12 merfolk impalers
  9 fire dragons
  2 crystal guardians (Vaults:1)
  15 yaktaur captains
  26 vault guards
  Erolcha (Orc:2)
  2 rakshasas
  A quicksilver dragon skeleton (Vaults:3)
  5 peacekeepers
  4 ice dragons
  4 hydras
  2 merfolk avatars (Shoals:2)
  5 great orbs of eyes
  A hell beast (Depths:1)
  2 alligators (Shoals:3)
  3 ghost crabs (Vaults:1)
  2 ogre magi
  2 spriggan air magi
  A sphinx zombie (Vaults:4)
  A catoblepas (Shoals:2)
  3 anacondas
  8 ironbound frosthearts
  7 two-headed ogres
  5 alligator snapping turtles
  3 merfolk aquamancers
  A satyr (Shoals:2)
  3 boulder beetles
  6 centaur warriors
  A deep troll shaman (Depths:2)
  An anaconda (shapeshifter) (Vaults:4)
  A radroach (Zot:2)
  A sphinx skeleton (Vaults:1)
  3 orc high priests (Orc:2)
  3 thrashing horrors (Lair:5)
  8 death yaks
  A hell hog (Depths:1)
  4 spriggan berserkers
  2 tengu warriors (Depths:1)
  3 occultists
  6 deep troll earth magi
  5 sun demons (Depths:3)
  3 shock serpents
  3 soul eaters
  7 skysharks
  10 naga warriors
  5 naga sharpshooters
  15 hell knights
  7 iron trolls
  5 skeletal warriors
  3 sixfirhies
  3 fire crabs
  4 shadow wraiths
  3 death drakes
  24 deep trolls
  6 salamander mystics
  13 sea snakes
  An orb spider (shapeshifter) (Vaults:5)
  A quicksilver dragon simulacrum (Depths:1)
  An anaconda zombie (Hell)
  4 glowing orange brains
  2 sun moths (Vaults:1)
  7 arcanists
  8 mana vipers
  A flayed ghost (Vaults:5)
  2 naga ritualists
  7 phantasmal warriors
  22 ironbound convokers
  2 deep elf pyromancers (Vaults:1)
  A shadow dragon zombie (Vaults:5)
  A steelbarb worm (Zot:5)
  7 necromancers
  8 orc knights
  8 lindwurms
  18 harpies
  An orange crystal statue (IceCv)
  A stone giant zombie (Vaults:2)
  A frost giant zombie (Vaults:2)
  A cyclops (shapeshifter) (Vaults:5)
  24 ugly things
  A will-o-the-wisp (Vaults:1)
  7 fauns
  5 orc sorcerers
  A tengu skeleton (Vaults:5)
  7 cyclopes
  24 moths of wrath
  20 salamanders
  3 human zombies
  An iron dragon skeleton (Vaults:1)
  14 merfolk sirens
  An elephant (Lair:3)
  2 kobold blastminers (Orc:2)
  5 manticores
  3 worldbinders (Vaults:1)
  9 large abominations
  2 rust devils (Hell)
  The ghost of Griffin23 the Slasher, a novice MiFi (D:5)
  A water nymph (shapeshifter) (Vaults:1)
  19 black mambas
  55 slime creatures
  9 water nymphs
  2 guardian serpents
  11 vault sentinels
  A human skeleton (Vaults:5)
  A gargoyle (D:13)
  10 naga magi
  12 cane toads
  4 molten gargoyles
  12 smoke demons
  3 orange demons
  An elf zombie (Vaults:2)
  A storm dragon simulacrum (Vaults:1)
  A tormentor (Depths:3)
  A yaktaur zombie (Vaults:3)
  An unseen horror (D:10)
  A hellion (Depths:3)
  4 torpor snails
  2 freezing wraiths
  7 komodo dragons
  32 yaktaurs
  A kobold demonologist (D:13)
  A tengu conjurer (Depths:3)
  A red devil (Hell)
  4 rime drakes
  A golden dragon simulacrum (IceCv)
  26 merfolk
  7 trolls
  A harpy zombie (Hell)
  A hornet (Depths:2)
  7 wind drakes
  A hellwing (D:8)
  2 polar bears (Lair:1)
  A tarantella (Vaults:2)
  6 glass eyes
  A blink frog (shapeshifter) (Lair:5)
  13 blink frogs
  13 snapping turtles
  An alligator simulacrum (IceCv)
  A raiju (Lair:5)
  4 dream sheep (Lair:5)
  4 air elementals (Shoals:4)
  A jumping spider (Vaults:1)
  An iron dragon simulacrum (Vaults:1)
  22 water elementals
  A human simulacrum (Vaults:4)
  A shapeshifter (Lair:5)
  A shadow (D:11)
  2 spriggans
  33 yaks
  3 hogs (Snake:1)
  8 small abominations (Lair:5)
  A wraith (D:12)
  A yak (shapeshifter) (D:13)
  The ghost of Griffin23 the Covered, an amateur MiFi of Gozag (D:3)
  3 wyverns
  A dire elephant simulacrum (IceCv)
  A golden eye (Zot:5)
  A warg (Orc:1)
  3 steam dragons
  A fire elemental (Depths:2)
  A redback (Vaults:2)
  A swamp worm (shapeshifter) (Vaults:3)
  7 basilisks
  2 chaos spawn (Lair:5)
  A swamp worm (Vaults:1)
  3 harpy simulacra (IceCv)
  27 nagas
  A naga zombie (Abyss:3)
  7 vampire mosquitoes
  A hydra simulacrum (IceCv)
  3 acid dragons
  A naga (shapeshifter) (Vaults:4)
  15 water moccasins
  A glowing shapeshifter skeleton (Vaults:1)
  Duvessa (D:4)
  A naga skeleton (Hell)
  A swamp drake (Vaults:1)
  A sky beast (D:7)
  25 orc warriors
  2 black bears
  The ghost of Griffin23 the Trooper, an amateur MiFi (D:3)
  A fire dragon simulacrum (Hell)
  An ice beast (D:8)
  An ettin simulacrum (Vaults:3)
  6 ogres
  8 boggarts
  8 starcursed masses (Abyss:3)
  4 wolves (Lair:2)
  10 centaurs
  A phantom (D:4)
  2 kobold brigands
  10 bullfrogs
  The ghost of bigdog255 the Sneak, an amateur SpEn (D:3)
  A glowing shapeshifter simulacrum (Vaults:1)
  9 scorpions
  3 gnoll sergeants
  An ogre simulacrum (Vaults:4)
  A naga simulacrum (Hell)
  Dowan (D:4)
  12 killer bees
  6 howler monkeys
  A lava snake (Vaults:1)
  2 hounds (D:5)
  A gnoll bouda (D:3)
  8 orc priests
  Crazy Yiuf (D:5)
  2 jellies
  A sleepcap (D:8)
  Jessica (D:3)
  3 iguanas
  Natasha (thrice) (D:3)
  20 orc wizards
  Robin (D:2)
  5 adders
  21 gnolls
  A shadow imp (D:5)
  6 white imps
  5 ufetubi
  6 dart slugs
  2 ribbon worms
  87 orcs
  A bat (D:10)
  4 endoplasms
  7 hobgoblins
  5 jackals
  12 kobolds
  4 quokkas
  6 ball pythons
  6 frilled lizards
  17 goblins
  10 rats
  3 tentacles (Shoals:3)
1736 creatures vanquished.

Vanquished Creatures (collateral kills)
  A juggernaut (Depths:3)
  2 Killer Klowns
  Saint Roka (Snake:4)
  A golden dragon (Depths:4)
  2 Orb Guardians (Zot:5)
  Mlioglotl (Shoals:4)
  A titan (Vaults:5)
  Aizul (Snake:2)
  4 nagarajas
  A fire giant (Vaults:5)
  A draconian knight (Zot:5)
  Louise (Snake:1)
  A reaper (Hell)
  A draconian stormcaller (Zot:4)
  A stone giant (Vaults:5)
  An ironbound preserver (D:13)
  A grey draconian (Zot:2)
  A green draconian (Zot:1)
  A deep elf death mage (Vaults:1)
  A war gargoyle (Vaults:4)
  2 red draconians (Zot:1)
  2 yellow draconians
  A dire elephant (D:15)
  A white draconian (Zot:1)
  A yaktaur captain (Vaults:1)
  9 vault guards
  A centaur warrior (D:13)
  A salamander tyrant (Snake:4)
  A boulder beetle (D:12)
  An ogre mage (Vaults:5)
  A merfolk aquamancer (Shoals:3)
  2 death yaks (Lair:1)
  A naga warrior (Snake:4)
  2 skysharks
  A soul eater (Hell)
  2 skeletal warriors (D:14)
  A salamander mystic (Snake:4)
  An iron troll (Zot:2)
  2 sea snakes (Shoals:3)
  A deep troll (Depths:4)
  A naga ritualist (Snake:4)
  An orb spider (Zot:2)
  A harpy (Vaults:3)
  An orange crystal statue (IceCv)
  A swamp dragon (Snake:4)
  3 orc knights (Orc:2)
  2 ugly things
  A salamander (Snake:4)
  An elephant (Lair:3)
  A moth of wrath (Zot:5)
  A molten gargoyle (Hell)
  2 naga magi
  4 guardian serpents (Snake:2)
  An orange demon (Abyss:3)
  A rime drake (Lair:3)
  2 yaktaurs
  An anaconda simulacrum (IceCv)
  2 golden dragon simulacra (IceCv)
  2 freezing wraiths (IceCv)
  2 merfolk (Lair:3)
  A tarantella (Vaults:2)
  A tyrant leech (Snake:4)
  A blink frog (Lair:3)
  A dream sheep (shapeshifter) (Lair:3)
  An ettin zombie (Vaults:2)
  An air elemental (Shoals:4)
  A yak (Lair:1)
  2 hogs (Snake:1)
  2 water elementals (Shoals:3)
  4 harpy simulacra
  6 nagas
  3 orc warriors
  A sky beast (Lair:3)
  2 ettin simulacra (IceCv)
  An ogre (Orc:2)
  A kobold brigand (D:13)
  2 howler monkeys (D:13)
  5 orc priests (Orc:2)
  An orc wizard (Orc:2)
  7 orcs
  A kobold (D:13)
  A tentacle (Shoals:3)
136 creatures vanquished.

Vanquished Creatures (others)
  A juggernaut simulacrum (Hell)
  A sun demon (Hell)
  A naga mage (Snake:1)
  A human (Abyss:3)
  An ogre (Vaults:5)
  2 centaurs (D:15)
  A gnoll (D:7)
  4 foxfires (Vaults:1)
  9 tentacles (Shoals:3)
21 creatures vanquished.

Grand Total: 1893 creatures vanquished

Notes
Turn   | Place    | Note
-------+----------+-------------------------------------------
     0 | D:1      | greenreed the Minotaur Fighter began the quest for the Orb.
     0 | D:1      | Reached XP level 1. HP: 19/19 MP: 0/0
   257 | D:1      | Reached XP level 2. HP: 27/27 MP: 1/1
   421 | D:1      | Reached skill level 4 in Fighting
   889 | D:2      | Reached XP level 3. HP: 33/33 MP: 2/2
   964 | D:2      | Found a sparkling altar of Nemelex Xobeh.
   974 | D:2      | Became a worshipper of Nemelex Xobeh the Trickster
  1060 | D:2      | Noticed Robin
  1083 | D:2      | Killed Robin
  1102 | D:2      | Reached XP level 4. HP: 41/41 MP: 3/3
  1123 | D:2      | Identified the scarf of Aginkuq {repulsion, Dex+6}
  1425 | D:3      | Noticed Jessica
  1438 | D:3      | Killed Jessica
  1486 | D:3      | Found a sacrificial altar of Ru.
  1528 | D:3      | Found a sparkling altar of Nemelex Xobeh.
  1528 | D:3      | Found a hide-covered altar of Uskayaw.
  1558 | D:3      | Found a faded altar of an unknown god.
  1585 | D:3      | Reached XP level 5. HP: 34/47 MP: 4/4
  1666 | D:3      | Found a radiant altar of Vehumet.
  1782 | D:3      | Found a runed translucent gate.
  1783 | D:3      | Found a runed translucent gate.
  1784 | D:3      | Found a runed translucent gate.
  1785 | D:3      | Noticed bigdog255's ghost (amateur SpEn)
  1785 | D:3      | Noticed Griffin23's ghost (amateur MiFi)
  1785 | D:3      | Noticed Griffin23's ghost (amateur MiFi)
  1826 | D:3      | Found a hazy altar of Hepliaklqana.
  2118 | D:3      | Reached skill level 5 in Fighting
  2118 | D:3      | Reached skill level 1 in Invocations
  2296 | D:4      | Noticed Natasha
  2426 | D:3      | Killed Natasha
  2427 | D:3      | Reached XP level 6. HP: 52/56 MP: 6/6
  2513 | D:3      | Noticed Natasha
  2517 | D:3      | Killed Natasha
  2627 | D:3      | Noticed Natasha
  2633 | D:3      | Killed Natasha
  2681 | D:4      | Reached skill level 5 in Maces & Flails
  2896 | D:4      | Reached * piety under Nemelex Xobeh
  2954 | D:4      | Noticed Duvessa
  2954 | D:4      | Noticed Dowan
  2983 | D:4      | Killed Duvessa
  2987 | D:4      | Killed Dowan
  2988 | D:4      | Reached skill level 6 in Fighting
  3080 | D:4      | Found a burning altar of Makhleb.
  3124 | D:4      | Found an ancient bone altar of Kikubaaqudgha.
  3128 | D:4      | Reached skill level 5 in Armour
  3128 | D:4      | Reached skill level 5 in Shields
  3128 | D:4      | Reached XP level 7. HP: 63/63 MP: 7/7
  3247 | D:4      | Received a gift from Nemelex Xobeh
  3294 | D:4      | Found a staircase to the Ecumenical Temple.
  3303 | Temple   | Entered the Ecumenical Temple
  3530 | D:5      | Entered Level 5 of the Dungeon
  3914 | D:5      | Found a runed translucent door.
  3915 | D:5      | Noticed Crazy Yiuf
  3921 | D:5      | Killed Crazy Yiuf
  3922 | D:5      | Reached skill level 7 in Fighting
  3922 | D:5      | Reached XP level 8. HP: 68/73 MP: 9/9
  4033 | D:5      | Found a runed translucent gate.
  4033 | D:5      | Found a runed translucent gate.
  4034 | D:5      | Found a runed translucent gate.
  4034 | D:5      | Noticed Griffin23's ghost (novice MiFi)
  4313 | D:3      | Killed Griffin23's ghost
  4315 | D:3      | Killed bigdog255's ghost
  4325 | D:3      | Killed Griffin23's ghost
  4798 | D:6      | Reached skill level 8 in Fighting
  4833 | D:6      | Got the Enchiridion on Obstruction
  4969 | D:6      | Found Hesazxai's Assorted Antiques.
  4974 | D:6      | Bought a jewelled wooden wand for 92 gold pieces
  5130 | D:6      | Noticed a two-headed ogre
  5151 | D:6      | Banished a two-headed ogre
  5152 | D:6      | Reached XP level 9. HP: 52/82 MP: 9/11
  5286 | D:6      | Reached skill level 9 in Fighting
  5816 | D:7      | Reached ** piety under Nemelex Xobeh
  5854 | D:7      | Found a snail-covered altar of Cheibriados.
  6680 | D:8      | Found a glowing silver altar of Zin.
  6841 | D:8      | Found a transporter.
  6892 | D:8      | Reached skill level 5 in Invocations
  7024 | D:8      | Found a transporter.
  7024 | D:8      | Found a white marble altar of Elyvilon.
  7342 | D:8      | Received a gift from Nemelex Xobeh
  7342 | D:8      | Found an ornate altar of the Wu Jian Council.
  7495 | D:8      | Found an opulent altar of Gozag.
  7584 | D:8      | Reached XP level 10. HP: 74/93 MP: 12/12
  7857 | D:9      | Reached skill level 10 in Fighting
  7917 | D:9      | Reached *** piety under Nemelex Xobeh
  7983 | D:9      | Found a staircase to the Orcish Mines.
  8002 | D:9      | Received a gift from Nemelex Xobeh
  8079 | D:9      | Found a staircase to the Lair.
  8787 | D:10     | Entered Level 10 of the Dungeon
  8789 | D:10     | Reached skill level 10 in Maces & Flails
  8867 | D:10     | Found a glowing golden altar of the Shining One.
  8876 | D:10     | Received a gift from Nemelex Xobeh
  9077 | D:10     | Reached **** piety under Nemelex Xobeh
  9466 | D:10     | Noticed a two-headed ogre
  9474 | D:10     | Killed a two-headed ogre
  9475 | D:10     | Reached skill level 11 in Fighting
  9932 | D:11     | Noticed a cyan ugly thing
  9942 | D:11     | Killed a cyan ugly thing
 10009 | D:11     | Received a gift from Nemelex Xobeh
 10708 | D:12     | Reached ***** piety under Nemelex Xobeh
 10735 | D:12     | Reached XP level 11. HP: 94/102 MP: 14/14
 10953 | D:12     | Received a gift from Nemelex Xobeh
 10963 | D:12     | Noticed a two-headed ogre
 10973 | D:12     | Killed a two-headed ogre
 11079 | D:12     | Noticed an orc knight
 11094 | D:12     | Killed an orc knight
 11095 | D:12     | Reached skill level 12 in Fighting
 11096 | D:12     | Noticed a boulder beetle
 11119 | D:12     | Killed a boulder beetle
 11666 | D:6      | Bought a pair of encrusted gloves for 218 gold pieces
 11666 | D:6      | Identified the +1 pair of gloves of Negligence {rPois rC+
                  | Regen+ Slay-2} (You bought it in a shop on level 6 of the
                  | Dungeon)
 11666 | D:6      | Bought a scroll of identify for 46 gold pieces
 11666 | D:6      | Bought a scroll of identify for 46 gold pieces
 11822 | D:13     | Noticed a boulder beetle
 11842 | D:13     | Banished a boulder beetle
 11871 | D:13     | Noticed a red ugly thing
 11883 | D:13     | Killed a red ugly thing
 12005 | D:13     | Found Xorraell's Serpentskin Sales.
 12126 | D:13     | Reached skill level 13 in Fighting
 12126 | D:13     | Reached XP level 12. HP: 99/115 MP: 16/16
 12176 | D:13     | Reached skill level 10 in Shields
 12244 | D:13     | Received a gift from Nemelex Xobeh
 12263 | D:13     | Reached skill level 10 in Armour
 12459 | D:13     | Noticed a centaur warrior
 12470 | D:13     | Killed a centaur warrior
 12602 | D:13     | Received a gift from Nemelex Xobeh
 12732 | D:13     | Found a gate to the Vaults.
 12732 | D:13     | Noticed a centaur warrior
 12732 | D:13     | Noticed an ironbound preserver
 12748 | D:13     | Killed an ironbound preserver
 12750 | D:13     | Killed a centaur warrior
 12975 | D:14     | Identified the ring "Wageffipets" {AC+4 Int-4 Dex+6}
 13000 | D:14     | Reached skill level 14 in Fighting
 13155 | D:14     | Received a gift from Nemelex Xobeh
 13282 | D:14     | Noticed a centaur warrior
 13286 | D:14     | Banished a centaur warrior
 13747 | D:15     | Entered Level 15 of the Dungeon
 13747 | D:15     | Noticed a five-headed hydra
 13758 | D:15     | Banished a five-headed hydra
 13820 | D:15     | Reached XP level 13. HP: 106/125 MP: 18/18
 13892 | D:15     | Found a staircase to the Depths.
 13892 | D:15     | Noticed a dire elephant
 13904 | D:15     | Killed a dire elephant
 14100 | D:15     | Noticed a fire dragon
 14141 | D:15     | Reached skill level 15 in Fighting
 14142 | D:15     | Killed a fire dragon
 14253 | D:15     | Received a gift from Nemelex Xobeh
 14371 | D:15     | Reached skill level 15 in Maces & Flails
 14807 | D:15     | Reached ****** piety under Nemelex Xobeh
 15315 | Lair:1   | Entered Level 1 of the Lair of Beasts
 15374 | Lair:1   | Identified the +1 flail "Icugruah" {spect, Will+}
 15377 | Lair:1   | Noticed Gastronok
 15465 | Lair:1   | Received a gift from Nemelex Xobeh
 15646 | Lair:1   | Reached XP level 14. HP: 136/136 MP: 19/19
 15868 | Lair:1   | Received a gift from Nemelex Xobeh
 16003 | Lair:2   | Reached skill level 16 in Fighting
 16053 | Lair:2   | Banished Gastronok
 16335 | Lair:2   | Received a gift from Nemelex Xobeh
 16921 | Lair:3   | Received a gift from Nemelex Xobeh
 17163 | Lair:3   | Found a staircase to the Snake Pit.
 17182 | Lair:3   | Received a gift from Nemelex Xobeh
 17216 | Lair:3   | Found a snail-covered altar of Cheibriados.
 17610 | Lair:3   | Found a staircase to the Shoals.
 17825 | Lair:3   | Received a gift from Nemelex Xobeh
 18057 | Snake:1  | Entered Level 1 of the Snake Pit
 18171 | Snake:1  | Received a gift from Nemelex Xobeh
 18335 | Snake:1  | Noticed Kirke
 18365 | Snake:1  | Killed Kirke
 18366 | Snake:1  | Reached skill level 17 in Fighting
 18366 | Snake:1  | Reached skill level 10 in Invocations
 18705 | Snake:1  | Found Jusoy's Tremendous Tomes.
 18901 | Snake:1  | Received a gift from Nemelex Xobeh
 18926 | Snake:1  | Noticed Louise
 18935 | Snake:1  | Killed Louise
 19092 | Snake:1  | Noticed Roxanne
 19112 | Snake:1  | Killed Roxanne
 19408 | Snake:1  | Received a gift from Nemelex Xobeh
 19926 | Snake:2  | Noticed a nagaraja
 19932 | Snake:2  | Identified the serpent talisman of the Game of Life {Dex+3}
 19932 | Snake:2  | Noticed Aizul
 19934 | Snake:2  | Noticed a nagaraja
 19939 | Snake:2  | Reached XP level 15. HP: 38/148 MP: 12/21
 19942 | Snake:2  | Killed Aizul
 19947 | Snake:2  | Killed a nagaraja
 19951 | Snake:2  | Killed a nagaraja
 19953 | Snake:2  | Reached skill level 18 in Fighting
 20228 | Snake:2  | Noticed a nagaraja
 20241 | Snake:2  | Banished a nagaraja
 20274 | Snake:2  | Received a gift from Nemelex Xobeh
 20998 | Snake:3  | Found Teluseef's Magic Scroll Shop.
 21047 | Snake:3  | Bought a scroll of identify for 20 gold pieces
 21047 | Snake:3  | Bought a scroll of amnesia for 40 gold pieces
 21047 | Snake:3  | Bought a scroll of identify for 20 gold pieces
 21100 | Snake:3  | Received a gift from Nemelex Xobeh
 21218 | Snake:3  | Found a glacial archway.
 21267 | IceCv    | Entered an ice cave
 21380 | IceCv    | Received a gift from Nemelex Xobeh
 21564 | IceCv    | Identified the amulet "Xovetera" {Faith rPois rC+ Int+2}
 21596 | IceCv    | Identified the +6 mace "Agaff" {elec, ^Drain rCorr Str+3
                  | Int+3}
 21870 | Snake:3  | Reached skill level 19 in Fighting
 22031 | Snake:3  | Received a gift from Nemelex Xobeh
 22868 | Snake:4  | Entered Level 4 of the Snake Pit
 23054 | Snake:4  | Received a gift from Nemelex Xobeh
 23203 | Snake:4  | Found Qauc's General Store.
 23217 | Snake:4  | Found Ceax's Round Resellers.
 23839 | Snake:4  | Received a gift from Nemelex Xobeh
 23877 | Snake:4  | Noticed Saint Roka
 23906 | Snake:4  | Killed Saint Roka
 23907 | Snake:4  | Reached XP level 16. HP: 48/161 MP: 23/23
 24417 | Snake:4  | Identified the -1 trident of the Spinneret {vamp, Dex-3
                  | SInv Stlth+}
 24448 | Snake:4  | Reached skill level 20 in Fighting
 24556 | Snake:4  | Reached skill level 15 in Shields
 24556 | Snake:4  | HP: 8/162 [poisoned by a naga ritualist (toxic radiance)]
 24724 | Snake:4  | Reached skill level 15 in Armour
 25399 | Snake:4  | HP: 8/165 [constriction (1)]
 25547 | Snake:4  | Got a serpentine rune of Zot
 25753 | Lair:4   | Received a gift from Nemelex Xobeh
 25867 | Lair:4   | Gained mutation: You are partially covered in large bone
                  | plates. (SH +4) [potion of mutation]
 25867 | Lair:4   | Gained mutation: You occasionally lose the ability to read
                  | scrolls when taking damage. [potion of mutation]
 25868 | Lair:4   | Lost mutation: You are partially covered in large bone
                  | plates. (SH +4) [potion of mutation]
 25868 | Lair:4   | Lost mutation: You occasionally lose the ability to read
                  | scrolls when taking damage. [potion of mutation]
 25868 | Lair:4   | Gained mutation: Your muscles are strong. (Str +4, Int/Dex
                  | -1) [potion of mutation]
 25868 | Lair:4   | Gained mutation: You passively dampen the noise of your
                  | surroundings. [potion of mutation]
 26197 | Lair:4   | You fall into a shaft and drop 1 floor!
 26197 | Lair:5   | Entered Level 5 of the Lair of Beasts
 26841 | Lair:5   | Received a gift from Nemelex Xobeh
 26944 | Lair:5   | Found a staircase to the Slime Pits.
 27154 | Lair:5   | Received a gift from Nemelex Xobeh
 27164 | Lair:5   | Reached skill level 21 in Fighting
 27335 | Lair:5   | Identified a scroll of acquirement
 27424 | Lair:5   | Found a corrupted altar of Lugonu.
 27424 | Lair:5   | Found a one-way gate to the infinite horrors of the Abyss.
 27436 | Lair:5   | Reached XP level 17. HP: 173/173 MP: 25/25
 27497 | Lair:5   | Identified the +4 scale mail of Zifamm {^Contam Fly rElec
                  | Dex-3}
 27578 | Lair:5   | Acquired a +5 eveningstar of protection
 27583 | Abyss:3  | Cast into level 3 of the Abyss (unwielding a weapon of
                  | distortion)
 27596 | Abyss:3  | Received a gift from Nemelex Xobeh
 27627 | Abyss:3  | Noticed a bone dragon
 27672 | Abyss:3  | Killed a bone dragon
 27688 | Abyss:3  | Paralysed by accursed screaming for 2 turns
 27719 | Abyss:3  | Identified the +0 tower shield "Hero's Friend" {Rampage
                  | rCorr Str+2 Int-3}
 27766 | Lair:5   | Escaped the Abyss
 28212 | Shoals:1 | Entered Level 1 of the Shoals
 28511 | Shoals:1 | Found Veamp's Antique Armour Shop.
 28653 | Shoals:1 | Found Hewkenis's Jewellery Boutique.
 28797 | Shoals:1 | Received a gift from Nemelex Xobeh
 29395 | Shoals:1 | Reached skill level 22 in Fighting
 29526 | Shoals:2 | Noticed Polyphemus
 29555 | Shoals:1 | Killed Polyphemus
 29619 | Shoals:2 | Received a gift from Nemelex Xobeh
 29752 | Shoals:2 | Noticed Ilsuiw
 29771 | Shoals:2 | Killed Ilsuiw
 30219 | Shoals:2 | Received a gift from Nemelex Xobeh
 30923 | Shoals:3 | Received a gift from Nemelex Xobeh
 30952 | Shoals:3 | Found a transporter.
 30952 | Shoals:3 | Found a transporter.
 30953 | Shoals:3 | Noticed Lunacym's ghost (adept DsWn)
 30969 | Shoals:3 | Noticed a kraken
 31022 | Shoals:3 | Noticed a kraken
 31036 | Shoals:3 | Killed a kraken
 31404 | Shoals:3 | Reached XP level 18. HP: 65/187 MP: 27/27
 31424 | Shoals:3 | Killed Lunacym's ghost
 31530 | Shoals:3 | Identified the ring of Descent {Will+++ Str+6 Slay+5
                  | Stlth-}
 31551 | Shoals:4 | Entered Level 4 of the Shoals
 31728 | Shoals:4 | Reached skill level 23 in Fighting
 31808 | Shoals:4 | Identified the +0 leather armour of the Saviour {Dex+4}
 31810 | Shoals:4 | Identified the +1 sling of Dissent {speed, ^Fragile rC+++
                  | Int+3}
 31817 | Shoals:4 | Got a barnacled rune of Zot
 31822 | Shoals:4 | Identified the +0 scale mail of Fagorghoe {^Drain Int-5
                  | Dex+5}
 31831 | Shoals:4 | Received a gift from Nemelex Xobeh
 32025 | Shoals:4 | Received a gift from Nemelex Xobeh
 32084 | Shoals:4 | Paralysed by an air elemental for 1 turns
 32131 | Shoals:4 | Found a stormy altar of Qazlal.
 32180 | Shoals:4 | Paralysed by an air elemental for 1 turns
 32214 | Shoals:4 | Noticed Mlioglotl
 32219 | Shoals:4 | Identified the +5 demon trident "Goblinbane" {vamp, rElec
                  | rC+ rCorr Str-4}
 32224 | Shoals:4 | Killed Mlioglotl
 32827 | Orc:1    | Entered Level 1 of the Orcish Mines
 32869 | Orc:1    | Found Jeeviusiu's Armour Emporium.
 32894 | Orc:1    | Received a gift from Nemelex Xobeh
 33098 | Orc:2    | Entered Level 2 of the Orcish Mines
 33197 | Orc:2    | Received a gift from Nemelex Xobeh
 33209 | Orc:2    | Noticed Erolcha
 33216 | Orc:2    | Killed Erolcha
 33259 | Orc:2    | Found a staircase to the Elven Halls.
 33369 | Orc:2    | Found Xyoheq's Book Boutique.
 33369 | Orc:2    | Found Forai's Magic Scroll Emporium.
 33431 | Orc:2    | Found Hylerr's Book Boutique.
 33431 | Orc:2    | Found Pozxach's Jewellery Emporium.
 33442 | Orc:2    | Bought a scroll of enchant weapon for 112 gold pieces
 33442 | Orc:2    | Bought a scroll of enchant weapon for 112 gold pieces
 33878 | Orc:1    | Received a gift from Nemelex Xobeh
 34091 | Vaults:1 | Entered Level 1 of the Vaults
 34193 | Vaults:1 | Got the Omnibus of Ignition
 34306 | Vaults:1 | Reached skill level 15 in Invocations
 34306 | Vaults:1 | Reached XP level 19. HP: 196/198 MP: 27/29
 34397 | Vaults:1 | Reached skill level 24 in Fighting
 34643 | Vaults:1 | Received a gift from Nemelex Xobeh
 34744 | Vaults:1 | Got Sif Muna's Precepts of Summoning
 35076 | Vaults:1 | Reached XP level 20. HP: 91/207 MP: 30/30
 35499 | Vaults:1 | Noticed a bone dragon
 35514 | Vaults:1 | Killed a bone dragon
 35625 | Vaults:1 | Got the Treatise on Unholy Arts
 35964 | Vaults:2 | Received a gift from Nemelex Xobeh
 36377 | Vaults:2 | Reached skill level 25 in Fighting
 36733 | Vaults:2 | Noticed Norris
 36747 | Vaults:2 | Killed Norris
 37231 | Vaults:3 | Received a gift from Nemelex Xobeh
 37310 | Vaults:3 | Noticed Mennas
 37319 | Vaults:3 | Killed Mennas
 37480 | Vaults:3 | Noticed Mara
 37497 | Vaults:3 | Killed Mara
 37785 | Vaults:3 | Received a gift from Nemelex Xobeh
 38041 | Vaults:3 | Reached XP level 21. HP: 202/220 MP: 32/32
 38136 | Vaults:3 | Reached skill level 26 in Fighting
 38419 | Vaults:3 | You are sucked into a shaft and drop 1 floor!
 38477 | Vaults:4 | Received a gift from Nemelex Xobeh
 38598 | Vaults:3 | Found a portal to a secret trove of treasure.
 38606 | Vaults:3 | You paid a toll of 4 potions of resistance to enter a
                  | treasure trove
 38607 | Trove    | Entered a treasure trove
 38623 | Trove    | Found the +3 pair of mountain boots {steadfast, rC+}
 38668 | Trove    | Identified the ring "Zafisit" {rN+ Will++}
 38669 | Trove    | Identified the ring of Lodghu Kayga {rF+ Will+ Slay+4}
 38951 | Vaults:3 | Found a staircase to the Crypt.
 38951 | Vaults:3 | Found a basalt altar of Yredelemnul.
 38951 | Vaults:3 | Found an ancient bone altar of Kikubaaqudgha.
 39001 | Vaults:3 | Received a gift from Nemelex Xobeh
 39007 | Vaults:3 | Lost mutation: Your muscles are strong. (Str +4, Int/Dex
                  | -1) [potion of mutation]
 39007 | Vaults:3 | Lost mutation: You passively dampen the noise of your
                  | surroundings. [potion of mutation]
 39007 | Vaults:3 | Gained mutation: You are agile. (Dex +4, Str/Int -1)
                  | [potion of mutation]
 39008 | Vaults:3 | Lost mutation: You are agile. (Dex +4, Str/Int -1) [potion
                  | of mutation]
 39008 | Vaults:3 | Gained mutation: You are frail. (-10% HP) [potion of
                  | mutation]
 39008 | Vaults:3 | Gained mutation: Your muscles are strong. (Str +4, Int/Dex
                  | -1) [potion of mutation]
 39008 | Vaults:3 | Gained mutation: Your muscles are very strong. (Str +8,
                  | Int/Dex -2) [potion of mutation]
 39009 | Vaults:3 | Lost mutation: Your muscles are very strong. (Str +8,
                  | Int/Dex -2) [potion of mutation]
 39009 | Vaults:3 | Lost mutation: Your muscles are strong. (Str +4, Int/Dex
                  | -1) [potion of mutation]
 39009 | Vaults:3 | Lost mutation: You are frail. (-10% HP) [potion of
                  | mutation]
 39009 | Vaults:3 | Gained mutation: Your mind is acute. (Int +4, Str/Dex -1)
                  | [potion of mutation]
 39009 | Vaults:3 | Gained mutation: You are somewhat resistant to further
                  | mutation. [potion of mutation]
 39011 | Vaults:3 | Lost mutation: Your mind is acute. (Int +4, Str/Dex -1)
                  | [potion of mutation]
 39011 | Vaults:3 | Lost mutation: You are somewhat resistant to further
                  | mutation. [potion of mutation]
 39011 | Vaults:3 | Gained mutation: You are frail. (-10% HP) [potion of
                  | mutation]
 39011 | Vaults:3 | Gained mutation: You expend magic power (3 MP) to
                  | strengthen your wands. [potion of mutation]
 39011 | Vaults:3 | Gained mutation: Your body sometimes deteriorates upon
                  | taking damage. [potion of mutation]
 39012 | Vaults:3 | Lost mutation: You expend magic power (3 MP) to strengthen
                  | your wands. [potion of mutation]
 39012 | Vaults:3 | Lost mutation: Your body sometimes deteriorates upon taking
                  | damage. [potion of mutation]
 39012 | Vaults:3 | Gained mutation: You possess an exceptional clarity of
                  | mind. [potion of mutation]
 39012 | Vaults:3 | Gained mutation: You occasionally shout uncontrollably at
                  | your foes. [potion of mutation]
 39013 | Vaults:3 | Lost mutation: You occasionally shout uncontrollably at
                  | your foes. [potion of mutation]
 39013 | Vaults:3 | Lost mutation: You possess an exceptional clarity of mind.
                  | [potion of mutation]
 39013 | Vaults:3 | Gained mutation: You have large cloven feet. [potion of
                  | mutation]
 39013 | Vaults:3 | Gained mutation: You possess an exceptional clarity of
                  | mind. [potion of mutation]
 39437 | Vaults:4 | Received a gift from Nemelex Xobeh
 39661 | Vaults:4 | Identified the +0 pair of boots of the Gloaming {rElec
                  | rC+++ Will- Dex+3}
 40001 | Vaults:5 | Entered Level 5 of the Vaults
 40023 | Vaults:4 | HP: 8/195 [vault guard/+0 battleaxe (2)]
 40405 | Vaults:5 | Identified the +2 long sword "Dragonbane" {flame, rCorr}
 40407 | Vaults:5 | Reached skill level 27 in Fighting
 40628 | Vaults:5 | Identified the +1 scale mail of the Heavens {rC++ Stlth-}
 40665 | Vaults:5 | Received a gift from Nemelex Xobeh
 40773 | Vaults:5 | Identified the +11 spear of Beogh's Benevolence {drain,
                  | ^Fragile rF++ rC+ rN+}
 40794 | Vaults:5 | Identified the staff of Armageddon {Int+4 Conj}
 40801 | Vaults:5 | Identified the amulet "Kying" {Spirit Slay+5}
 40875 | Vaults:5 | Reached XP level 22. HP: 206/209 MP: 33/33
 41008 | Vaults:5 | Identified the ring of Circularity {rPois rN+ Int+6 Stlth-}
 41257 | Vaults:5 | Received a gift from Nemelex Xobeh
 41265 | Vaults:5 | Identified the +5 orcbow "Rummage" {flame, Will- Dex+4}
 41642 | Vaults:5 | Received a gift from Nemelex Xobeh
 41787 | Vaults:5 | Identified the staff of Grace {rN+ Conj Necro}
 41832 | Vaults:5 | Noticed a golden dragon
 41839 | Vaults:5 | Killed a golden dragon
 41863 | Vaults:5 | Noticed a dread lich
 41870 | Vaults:5 | Killed a dread lich
 41976 | Vaults:5 | Identified the +8 hand axe of the Poles {flame, Will+
                  | Dex+4}
 42052 | Vaults:5 | Got the Encyclopedia of Hexing and Hail
 42174 | Vaults:5 | Got a silver rune of Zot
 42410 | Depths:1 | Entered Level 1 of the Depths
 42440 | Depths:1 | Found a one-way gateway to a ziggurat.
 42583 | Depths:1 | Received a gift from Nemelex Xobeh
 42608 | Depths:1 | Found a runed translucent gate.
 42608 | Depths:1 | Found a runed translucent gate.
 42608 | Depths:1 | Found a runed translucent gate.
 42612 | Depths:1 | Noticed Zuofef's ghost (veteran GrEE)
 42614 | Depths:1 | Noticed Maoritis's ghost (veteran GnWn)
 42636 | Depths:1 | Found a gateway to Hell.
 43001 | Depths:1 | Killed Maoritis's ghost
 43003 | Depths:1 | Killed Zuofef's ghost
 43337 | D:5      | Killed Griffin23's ghost
 43693 | Depths:2 | Noticed a caustic shrike
 43695 | Depths:2 | Noticed a caustic shrike
 44064 | Depths:2 | Killed a caustic shrike
 44137 | Depths:2 | Noticed a golden dragon
 44148 | Depths:2 | Killed a golden dragon
 44243 | Depths:2 | Killed a caustic shrike
 44272 | Depths:2 | Noticed a golden dragon
 44274 | Depths:2 | Gained mutation: You occasionally lose the ability to read
                  | scrolls when taking damage. [mutagenic glow]
 44282 | Depths:2 | Killed a golden dragon
 44297 | Depths:2 | Reached skill level 1 in Dodging
 44471 | Depths:2 | Found Qiky's Assorted Antiques.
 44520 | Depths:2 | Received a gift from Nemelex Xobeh
 44613 | Depths:2 | Identified the +6 scale mail of Patterns {SInv}
 44951 | Shoals:1 | Bought a ring of flight for 245 gold pieces
 45352 | Depths:2 | Reached XP level 23. HP: 109/216 MP: 35/35
 45667 | Depths:2 | Found the +13 sword of the Doom Knight {doom -Cast ^Drain
                  | Will+}
 45702 | Depths:2 | Found a one-way gate leading to the halls of Pandemonium.
 45745 | Depths:2 | Received a gift from Nemelex Xobeh
 46087 | Depths:2 | Bought 3 scrolls of enchant armour for 630 gold pieces
 46124 | Depths:3 | Found Gozag's Platinum Reserve.
 46124 | Depths:3 | Found an opulent altar of Gozag.
 46228 | Depths:3 | Received a gift from Nemelex Xobeh
 46577 | Depths:3 | Reached skill level 5 in Dodging
 46597 | Depths:3 | Received a gift from Nemelex Xobeh
 46945 | Depths:3 | Noticed a juggernaut
 46956 | Depths:3 | Killed a juggernaut
 47191 | Hell     | Entered the Vestibule of Hell
 47197 | Hell     | Noticed Geryon
 47217 | Hell     | Killed Geryon
 47490 | Hell     | Paralysed by a wendigo for 1 turns
 48215 | Hell     | Found a gateway to the ashen valley of Gehenna.
 48290 | Hell     | Found a gateway to the decaying netherworld of Tartarus.
 48385 | Hell     | Found a gateway to the freezing wastes of Cocytus.
 48550 | Hell     | Found a gateway to the Iron City of Dis.
 48640 | Depths:4 | Entered Level 4 of the Depths
 48663 | Depths:4 | Noticed Sojobo
 48841 | Depths:4 | Paralysed by an air elemental for 1 turns
 48846 | Depths:4 | Paralysed by an air elemental for 1 turns
 48964 | Depths:4 | Received a gift from Nemelex Xobeh
 48971 | Depths:4 | Sojobo changed into Sojobo the alligator snapping turtle
 48971 | Depths:4 | Noticed Sojobo
 48988 | Depths:4 | Killed Sojobo the alligator snapping turtle
 49259 | Depths:4 | Found a gate to the Realm of Zot.
 49669 | Zot:1    | Entered Level 1 of the Realm of Zot
 49672 | Zot:1    | Reached XP level 24. HP: 222/224 MP: 35/35
 50035 | Zot:1    | Received a gift from Nemelex Xobeh
 50336 | Zot:1    | Received a gift from Nemelex Xobeh
 50687 | Zot:2    | Noticed a Killer Klown
 50687 | Zot:2    | Noticed a Killer Klown
 50689 | Zot:2    | Noticed a Killer Klown
 50691 | Zot:2    | a Killer Klown changed into an iron troll
 50691 | Zot:2    | Noticed a Killer Klown
 50692 | Zot:2    | Noticed a Killer Klown
 50694 | Zot:2    | Noticed a Killer Klown
 50697 | Zot:2    | Banished a Killer Klown
 50699 | Zot:2    | Noticed a Killer Klown
 50703 | Zot:2    | Killed a Killer Klown
 50707 | Zot:2    | Identified the -1 hand axe "Xony" {distort, rPois rF+ rCorr
                  | Int-4}
 50712 | Zot:2    | Killed a Killer Klown
 50718 | Zot:2    | Banished a Killer Klown
 50723 | Zot:2    | Killed a Killer Klown
 50726 | Zot:2    | Killed a Killer Klown
 50793 | Zot:2    | Reached skill level 10 in Dodging
 50861 | Zot:2    | Noticed a juggernaut
 50870 | Zot:2    | Killed a juggernaut
 51198 | Zot:2    | Noticed a Killer Klown
 51214 | Zot:2    | Killed a Killer Klown
 51285 | Zot:2    | Received a gift from Nemelex Xobeh
 51462 | Zot:2    | Received a gift from Nemelex Xobeh
 52182 | Zot:3    | Received a gift from Nemelex Xobeh
 52559 | Zot:4    | Received a gift from Nemelex Xobeh
 52600 | Zot:4    | Reached XP level 25. HP: 231/231 MP: 34/36
 53211 | Zot:5    | Entered Level 5 of the Realm of Zot
 53272 | Zot:5    | Reached skill level 1 in Evocations
 53491 | Depths:3 | Bought the ring of the Hippogriff {rF++ Will+ SInv} for
                  | 4510 gold pieces
 53726 | Zot:5    | Received a gift from Nemelex Xobeh
 53770 | Zot:5    | Noticed an orb of fire
 53771 | Zot:5    | Noticed an orb of fire
 53773 | Zot:5    | Noticed an orb of fire
 53776 | Zot:5    | Noticed an orb of fire
 53777 | Zot:5    | Noticed a Killer Klown
 53778 | Zot:5    | Gained mutation: You sometimes lose the ability to read
                  | scrolls when taking damage. [an orb of fire]
 53781 | Zot:5    | Gained mutation: Your spells are a little easier to cast,
                  | but a little less powerful. [an orb of fire]
 53781 | Zot:5    | Noticed a Killer Klown
 53782 | Zot:5    | Gained mutation: You are very frail. (-20% HP) [an orb of
                  | fire]
 53782 | Zot:5    | Gained mutation: You are extremely frail. (-30% HP) [an orb
                  | of fire]
 53783 | Zot:5    | Gained mutation: You are vulnerable to heat. (rF-) [an orb
                  | of fire]
 53784 | Zot:5    | Killed an orb of fire
 53785 | Zot:5    | Noticed a Killer Klown
 53812 | Zot:5    | Noticed a Killer Klown
 53813 | Zot:5    | Noticed a Killer Klown
 53813 | Zot:5    | Noticed a Killer Klown
 53821 | Zot:5    | Killed a Killer Klown
 53824 | Zot:5    | Killed a Killer Klown
 53829 | Zot:5    | Killed an orb of fire
 53845 | Zot:5    | Killed a Killer Klown
 53846 | Zot:5    | Reached skill level 5 in Evocations
 53902 | Zot:5    | Killed a Killer Klown
 53903 | Zot:5    | Gained mutation: Your body sometimes deteriorates upon
                  | taking damage. [an orb of fire]
 53904 | Zot:5    | Gained mutation: You occasionally shout uncontrollably at
                  | your foes. [an orb of fire]
 53909 | Zot:5    | Identified the +3 demon trident of Xaystruol {vamp, rElec
                  | rC+ Str+3}
 53910 | Zot:5    | HP: 1/179 [orb of fire/fireball (26)]
 54090 | Zot:5    | Gained mutation: Your magical capacity is low. (-10% MP)
                  | [an orb of fire]
 54094 | Zot:5    | Gained mutation: You do not regenerate when monsters are
                  | visible. [an orb of fire]
 54110 | Zot:5    | Lost mutation: Your magical capacity is low. (-10% MP)
                  | [potion of mutation]
 54110 | Zot:5    | Lost mutation: You have large cloven feet. [potion of
                  | mutation]
 54110 | Zot:5    | Lost mutation: You possess an exceptional clarity of mind.
                  | [potion of mutation]
 54110 | Zot:5    | Gained mutation: Your magical capacity is low. (-10% MP)
                  | [potion of mutation]
 54110 | Zot:5    | Gained mutation: Your muscles are strong. (Str +4, Int/Dex
                  | -1) [potion of mutation]
 54122 | Zot:5    | Killed an orb of fire
 54394 | Zot:5    | Killed a Killer Klown
 54567 | Zot:5    | Killed a Killer Klown
 54596 | Zot:5    | Lost mutation: You are extremely frail. (-30% HP) [potion
                  | of mutation]
 54596 | Zot:5    | Lost mutation: You do not regenerate when monsters are
                  | visible. [potion of mutation]
 54596 | Zot:5    | Lost mutation: Your muscles are strong. (Str +4, Int/Dex
                  | -1) [potion of mutation]
 54597 | Zot:5    | Lost mutation: You are vulnerable to heat. (rF-) [potion of
                  | mutation]
 54597 | Zot:5    | Lost mutation: Your body sometimes deteriorates upon taking
                  | damage. [potion of mutation]
 54598 | Zot:5    | Lost mutation: Your magical capacity is low. (-10% MP)
                  | [potion of mutation]
 54598 | Zot:5    | Lost mutation: You sometimes lose the ability to read
                  | scrolls when taking damage. [potion of mutation]
 54598 | Zot:5    | Lost mutation: You occasionally shout uncontrollably at
                  | your foes. [potion of mutation]
 54598 | Zot:5    | Gained mutation: You are somewhat resistant to further
                  | mutation. [potion of mutation]
 54622 | Zot:5    | Received a gift from Nemelex Xobeh
 54643 | Zot:5    | Killed an orb of fire
 55088 | Zot:5    | Got the Orb of Zot
 55362 | Depths:1 | Noticed Hiptit the pandemonium lord
 55441 | D:13     | Noticed Peguekh the pandemonium lord
 55603 | D:6      | Noticed Ziegei the pandemonium lord
 55739 | D:$      | Escaped with the Orb!

Illustrated notes

Levels and vault maps discovered:
D:1:      lightli_arrival_farm, layout_basic
D:2:      minmay_inner_zag, layout_basic, basic_altar, uniq_robin
D:3:      layout_basic, nicolae_ru_sacrificial_ziggurat,
          amethyst_overflow_temple_binary, mainiacjoe_overflow_chevrons,
          lemuel_tele_altar, gammafunk_ghost_cemetery,
          hellmonk_ecumenical_altar_run_dry, uniq_jessica
D:4:      layout_loops_ring, amcnicky_altar_gilded,
          mainiacjoe_overflow_small_starburst, minmay_temple_entry_antechambers,
          uniq_duvessa, uniq_natasha
D:5:      layout_gridville, gammafunk_ghost_split, lemuel_flame_loot_1,
          uniq_crazy_yiuf_cottage
D:6:      cheibrodos_steamvent, layout_gridville, nicolae_stop_n_shop_1
D:7:      layout_loops_ring, mainiacjoe_overflow_six_doors_small,
          hangedman_decor_clover_reticule
D:8:      layout_loops_cross, pdpol_temple_overflow_zin_treasury_gozag_greed,
          elyvilon_altar_4, marbit_many_paths, serial_co_window_serial,
          co_window_paths_a, co_window_corner_a, co_window_paths_a,
          co_window_of_opportunity_a, co_window_paths_a, co_window_corner_cb,
          co_window_broadway_c, co_window_corner_ca, co_window_4corner_a,
          glass_columns_c, glass_columns_a, glass_columns_c,
          minmay_misc_feat_alley, serial_bayou_pond_d
D:9:      layout_grid_maze, lair_entry_dummy, hiddenorc1_lemuel
D:10:     layout_irregular_city, mainiacjoe_overflow_catwalk, grunt_ogre_cave
D:11:     layout_loops_corners
D:12:     layout_roguey [special_room_orc]
D:13:     layout_small_grid, skrybe_vaults_entry_preservation,
          guppyfry_shop_venom
D:14:     layout_basic, minmay_crystal_water
D:15:     hangedman_depths_entry_try_elsewhere_first, layout_basic,
          minmay_misc_feat_nine_boxes
Temple:   jpeg_temple_island
Lair:1:   layout_gridlike, uniq_gastronok
Lair:2:   layout_gridlike, infiniplex_staircase_pool_2, lemuel_fruit_fields
Lair:3:   layout_gridlike, elwin_shoals_entry_stream,
          guppyfry_snake_entry_island, kennysheep_snail_temple
Lair:4:   layout_small_grid
Lair:5:   hellmonk_lair_end_abyssal_woods, layout_loops_ring, slime_entry_1,
          serial_bayou_shore_b, grunt_megastairs_2, serial_bayou_shore_b,
          lemuel_fruit_tree
Shoals:1: layout_shoals, serial_shops, nicolae_shop_peninsula,
          nicolae_shoals_c_island
Shoals:2: layout_shoals, uniq_polyphemus, uniq_ilsuiw
Shoals:3: layout_shoals, ebering_ghost_davey_jones,
          nicolae_shoals_goliath_grotto
Shoals:4: shoals_end_hellmonk_storm_palace [storm_palace_center_circular,
          storm_palace_corner_altar, storm_palace_corner_grid,
          storm_palace_corner_blocked, storm_palace_corner_narrow],
          uniq_mlioglotl
Snake:1:  layout_grid_maze, nicolae_shop_i_like_big_books, uniq_roxanne,
          uniq_kirke, uniq_louise
Snake:2:  nicolae_aizul_guard, layout_gridlike
Snake:3:  layout_layer_cave, portal_ice_cave_entry_pillars_1, serial_shops,
          nicolae_shop_peninsula, uniq_aizul
Snake:4:  grunt_snake_rune_spirals, layout_onion_interference, serial_shops,
          nicolae_shop_tiny_real_fake_doors, hangedman_snake_wide_pillar_pass,
          grunt_ministairs_9, tekkud_shop_of_orbs, uniq_saint_roka
Orc:1:    layout_caves, serial_shops, nicolae_square_shop,
          statue_in_the_mist_lemuel
Orc:2:    grunt_orc_tribal_feast, layout_caves, uniq_erolcha
Vaults:1: vaults_room_hallway, nicolae_vaults_little_squares_3,
          nicolae_vaults_offset_grid_hallway_1,
          nicolae_vaults_windows_and_doors_thing,
          nicolae_vaults_network_quincunx
          [nicolae_vaults_network_quincunx_subvault,
          nicolae_vaults_network_quincunx_subvault,
          nicolae_vaults_network_quincunx_subvault,
          nicolae_vaults_network_quincunx_subvault,
          nicolae_vaults_network_quincunx_subvault],
          nicolae_vaults_hallways_thing, v_misc_16,
          nicolae_vaults_security_offices_4, v_alt_pattern_2, v_pattern_2,
          nicolae_vaults_asterisk, nicolae_vaults_closet_pinwheel_5,
          nicolae_vaults_double_plus_1, layout_vaults_big_cross,
          serial_magic_research, hangedman_research_probablistics,
          hangedman_research_thanatology, hangedman_research_pyrotechnics,
          hangedman_research_convocations
Vaults:2: nicolae_vaults_circle_grid_b, v_misc_2, hangedman_vaults_capsules,
          v_misc_25, v_alt_pattern_2, vaults_room_grunt_arrival_checkpoint,
          ontoclasm_vaults_chip, hangedman_vaults_trim, layout_vaults_quadrants,
          uniq_norris
Vaults:3: vaults_room_pool, ontoclasm_vaults_fault, ontoclasm_vaults_pinch,
          hangedman_vaults_restitches, nicolae_vaults_wine_cellar,
          nicolae_vaults_closet_pinwheel_3, nicolae_vaults_quadrants,
          vaults_room_hallway, ontoclasm_vaults_ring_small, v_misc_14,
          nicolae_vaults_two_Ls, nicolae_vaults_closet_pinwheel_4,
          v_alt_pattern_5, ontoclasm_vaults_ring_small,
          nicolae_vaults_little_squares_6, vaults_room_corners,
          layout_vaults_ring, minmay_crypt_entry_necro_gods,
          nicolae_trove_entry_diagonal, uniq_mennas, uniq_mara
Vaults:4: hangedman_vaults_unwind, v_misc_5, vaults_mumra_hexcomb,
          dpeg_vaults_hating_casters, ontoclasm_vaults_spin,
          nicolae_vaults_diamond_2, vaults_dpeg_hooks, vaults_room_fancy_cross,
          nicolae_vaults_little_squares_3, nicolae_vaults_house_3,
          nicolae_vaults_surprise_closet, layout_vaults_big_room
Vaults:5
Depths:1: layout_cave_pools, enter_ziggurat_f, minmay_misc_feat_rugged,
          gammafunk_ghost_cemetery, grunt_mini_vestibule, lemuel_flames_and_gold
Depths:2: nicolae_fronds_of_death, layout_basic, pan_entry, hell_entry,
          grunt_decor_cap, serial_sigils, serial_sigils_hangedman_clutch,
          serial_sigils_hangedman_scratch, serial_sigils_hangedman_snap,
          interstate_on_off, kennysheep_windowed_goal
Depths:3: kennysheep_room_grid, layout_honeycomb, hangedman_geh_valley,
          abyss_entry_small_statue_room, nicolae_gozag_zags_fifth_avenue
Depths:4: evilmike_zot_entry_diamond, layout_cave_shapes, abyss_entry,
          grunt_hell_entry_dis_grunt, amcnicky_mini_pool_small, uniq_sojobo
Hell
Zot:1:    nicolae_moth_party, layout_gridlike,
          regret_index_zotdec_twisting_globes
Zot:2:    ebering_greatest_show_in_zot, layout_onion
Zot:3:    layout_misc_corridors, grunt_megastairs_3
Zot:4:    layout_misc_corridors, regret_index_zotdec_barnacled_simple
Zot:5:    layout_concentric_octagons

Skill      XL: |  1  2  3  4  5  6  7  8  9 10 11 12 13 14 15 16 17 18 19 20 21 22 23 24 25 |
---------------+----------------------------------------------------------------------------+-----
Fighting       | 4 5 6 7 8 9 11 13 14 15 17 19 21 22 23 24 25 27 | 27.0
Maces & Flails | 3 4 5 6 8 9 11 12 14 15 16 | 16.0
Armour         | 4 5 6 7 8 9 10 12 13 14 15 16 17 18 19 20 22 23 24 25 | 25.3
Shields        | 4 5 6 7 8 9 11 12 13 14 15 17 18 19 20 22 23 24 25 | 25.2
Invocations    | 1 2 4 5 6 7 8 9 10 11 12 13 15 16 17 18 19 21 | 21.6
Dodging        | 3 8 11 13 | 13.2
Evocations     | 7 |  7.0

Action                     |  1- 3 |  4- 6 |  7- 9 | 10-12 | 13-15 | 16-18 | 19-21 | 22-24 | 25-27 || total
---------------------------+-------+-------+-------+-------+-------+-------+-------+-------+-------++-------
  Melee: Whip              |    93 |    97 |   249 |   483 |  1193 |   592 |       |       |       ||  2707
         Flail             |     5 |       |       |       |       |       |       |       |       ||     5
         Headbutt          |    10 |    18 |    45 |   106 |   329 |   446 |   281 |   496 |   102 ||  1833
         Eveningstar       |       |       |       |       |       |   980 |   924 |  1462 |   303 ||  3669
 Invoke: Draw Destruction  |       |       |       |    18 |    42 |    22 |    10 |    21 |     9 ||   122
         Draw Summoning    |       |       |       |     6 |    19 |    15 |     7 |     4 |     4 ||    55
         Deal Four         |       |       |       |       |     1 |     2 |     2 |     2 |     5 ||    12
         Draw Escape       |       |       |       |       |     1 |       |       |       |     2 ||     3
         Triple Draw       |       |       |       |       |       |     5 |     2 |     4 |     3 ||    14
  Evoke: Wand              |       |       |       |       |       |     2 |       |     1 |     4 ||     7
    Use: Scroll            |       |       |       |    16 |     4 |    16 |     2 |    12 |     7 ||    57
         Potion            |       |       |       |       |     1 |     9 |     7 |       |    18 ||    35
   Stab: Distracted        |       |       |       |     1 |     3 |     5 |     1 |       |       ||    10
         Petrified         |       |       |       |       |       |     2 |     1 |     2 |       ||     5
         Petrifying        |       |       |       |       |       |     1 |       |       |       ||     1
 Armour: Scale mail        |    47 |    63 |   129 |   242 |   661 |   902 |   464 |   219 |       ||  2727
         Gold dragon scale |       |       |       |       |       |       |       |   997 |   312 ||  1309
  Dodge: Dodged            |    27 |    48 |    76 |   109 |   195 |   280 |   153 |   289 |    96 ||  1273
         Repelled          |       |     3 |     8 |    14 |    62 |    68 |    37 |   119 |    61 ||   372
  Block: Buckler           |    14 |    19 |    23 |       |       |       |       |       |       ||    56
         Kite shield       |       |       |    56 |   214 |   568 |   359 |       |       |       ||  1197
         Tower shield      |       |       |       |       |       |   824 |   790 |  1642 |   481 ||  3737

Table legend: (Time is in decaauts)
 A = Elapsed time spent in this place.
 B = Non-inter-level travel time spent in this place.
 C = Inter-level travel time spent in this place.
 D = Time resting spent in this place.
 E = Time spent auto-exploring this place.
 F = Levels seen in this place.
 G = Mean time per level.
                   A        B        C        D        E       F      G
               +--------+--------+--------+--------+--------+-----+--------+
         Total |  53882 |  48908 |   4974 |   3523 |  34942 |  49 | 1099.6 |
       Dungeon |  16471 |  13897 |   2574 |    279 |  11365 |  15 | 1098.1 |
        Temple |      1 |      1 |      0 |      0 |      0 |   1 |    1.0 |
          Lair |   5057 |   4530 |    527 |     44 |   3538 |   5 | 1011.4 |
        Shoals |   4394 |   4192 |    202 |    228 |   2893 |   4 | 1098.5 |
     Snake Pit |   6912 |   6509 |    403 |    698 |   4560 |   4 | 1728.0 |
  Orcish Mines |   1113 |    982 |    131 |      0 |    795 |   2 |  556.5 |
        Vaults |   7789 |   7615 |    174 |    177 |   5689 |   5 | 1557.8 |
        Depths |   5579 |   5171 |    408 |   1365 |   2691 |   4 | 1394.8 |
          Hell |    565 |    541 |     24 |      0 |    327 |   1 |  565.0 |
           Zot |   5305 |   4776 |    529 |    674 |   2948 |   5 | 1061.0 |
         Abyss |    155 |    155 |      0 |      0 |     12 |   1 |  155.0 |
         Trove |    192 |    192 |      0 |      0 |     79 |   1 |  192.0 |
      Ice Cave |    342 |    342 |      0 |     57 |     44 |   1 |  342.0 |
               +--------+--------+--------+--------+--------+-----+--------+

Top non-repeatable levels by time:
 Snake:4: 2587 daAuts
Depths:3: 2187 daAuts
Vaults:5: 1805 daAuts
Vaults:1: 1664 daAuts
    D:15: 1548 daAuts
 Snake:3: 1487 daAuts
   Zot:5: 1470 daAuts
Vaults:3: 1467 daAuts
     D:3: 1458 daAuts
Depths:2: 1454 daAuts
Vaults:2: 1429 daAuts
Vaults:4: 1422 daAuts
 Snake:1: 1421 daAuts
 Snake:2: 1416 daAuts
    D:10: 1384 daAuts
